 Dungeon Crawl Stone Soup version 0.31.0-7-gf635a9b802 (webtiles) character file.

Game seed: 896683645008749327

301 LobsterGuardian the Apothecary (level 6, -1/41 HPs)
             Began as a Merfolk Alchemist on Jan 24, 2024.
             Was a Believer of Cheibriados.
             Incinerated by a bombardier beetle (3 damage)
             ... with a burning spray
             ... on level 4 of the Dungeon.
             The game lasted 00:06:40 (3500 turns).

LobsterGuardian the Apothecary (Merfolk Alchemist)  Turns: 3500, Time: 00:06:41

Health: -1/41      AC:  7    Str: 14    XL:     6   Next: 37%
Magic:  14/21      EV: 13    Int: 23    God:    Cheibriados [**....]
Gold:   170        SH:  0    Dex: 20    Spells: 3/13 levels left

rFire   . . .        e - +0 spear
rCold   . . .        (no shield)
rNeg    + . .        a - +0 robe
rPois   .            (helmet restricted)
rElec   .            q - +0 cloak
rCorr   .            k - +1 pair of gloves
SInv    .            (no boots)
Will    .....        (no amulet)
Stlth   +            f - ring of positive energy
HPRegen 0.26/turn    h - ring of magical power
MPRegen 0.17/turn

%: no passive effects
@: on fire, glowing, very slow
A: (nimble swimmer 2), mertail, horns 1, iridescent scales 1
a: Renounce Religion, Bend Time


You were on level 4 of the Dungeon.
You worshipped Cheibriados.
Cheibriados was pleased with you.
You visited 1 branch of the dungeon, and saw 4 of its levels.

You collected 170 gold pieces.

Inventory:

Hand Weapons
 e - a +0 spear (weapon)
Armour
 a - a +0 robe (worn)
 k - a +1 pair of gloves (worn)
 q - a +0 cloak (worn)
Jewellery
 f - a ring of positive energy (left hand)
 h - a ring of magical power (right hand)
 p - a ring of positive energy
Wands
 i - a wand of mindburst (22)
Scrolls
 d - a scroll of blinking {unknown}
 m - a scroll of poison {unknown}
 n - a scroll of brand weapon {unknown}
Potions
 b - 2 potions of magic
 c - 2 potions of attraction {unknown}
 g - 3 potions of lignification {unknown}
 j - a potion of enlightenment {unknown}
 l - a potion of cancellation {unknown}


   Skills:
 + Level 0.1 Fighting
 + Level 0.3 Polearms
 + Level 2.8 Dodging
 + Level 2.8 Stealth
 + Level 4.0 Spellcasting
 + Level 1.3 Conjurations
 + Level 0.1 Air Magic
 * Level 6.3 Alchemy
 * Level 1.7 Invocations


You had 3 spell levels left.
You knew the following spells:

 Your Spells              Type           Power      Damage    Failure   Level
a - Sting                 Conj/Alch      88%        1d8       2%          1
b - Mercury Vapours       Alch/Air       38%        N/A       4%          2
c - Mephitic Cloud        Conj/Alch/Air  16%        N/A       11%         3
d - Olgreb's Toxic Radia  Alch           33%        N/A       8%          4

Your spell library contained the following spells:

 Spells                   Type           Power      Damage    Failure   Level
 Call Canine Familiar     Summ           4%         N/A       30%         3
 Sigil of Binding         Hex            4%         N/A       30%         3
 Sticky Flame             Fire/Alch      19%        2d6       28%         4
 Dimensional Bullseye     Hex/Tloc       2%         N/A       71%         4


Dungeon Overview and Level Annotations

Branches:
Dungeon (4/15)
 Temple: D:4-7

Altars:
Cheibriados
Sif Muna

Annotations:
D:3 1 runed translucent door, dchavez06's ghost, amateur KoAl


Innate Abilities, Weirdness & Mutations

((You are very nimble when in or above water. (Stealth+, EV+, Speed+++)))
Your lower body shifts to a powerful aquatic tail in water.
You have a pair of small horns on your head.
You are partially covered in iridescent scales. (AC +2)


Message History

The orc is moderately wounded.
The liquid fire burns you! The orc closely misses you.
The sting hits the orc.
The orc looks even sicker.
The orc is severely wounded.
The liquid fire burns you!
You kill the orc!
Cheibriados appreciates the change of pace.
The sting hits the bombardier beetle but does no damage.
The bombardier beetle looks even sicker.
The bombardier beetle is heavily wounded.
The liquid fire burns you!
The sting hits the bombardier beetle.
The bombardier beetle looks as sick as possible!
The bombardier beetle is almost dead.
The liquid fire burns you!
You kill the bombardier beetle!
Your Spellcasting skill increases to level 4!
You are on fire!
You shake off some of the fire as you move.
The liquid fire burns you!
A ball python comes into view.
A hobgoblin comes into view.
Found 8 gold pieces.
You shake off some of the fire as you move.
The liquid fire burns you!
* * * LOW HITPOINT WARNING * * *
The hobgoblin shouts!
You hit the hobgoblin.
The hobgoblin is moderately wounded.
The liquid fire burns you!
* * * LOW HITPOINT WARNING * * *
The hobgoblin hits you.
* * * LOW HITPOINT WARNING * * *
Unknown command.
It was a potion of mutation.
You feel extremely strange. A pair of horns grows on your head!
Iridescent scales grow over part of your body.
The liquid fire burns you!
You die...

... #.# #.# #.# ...
### #.### ###
...#.#.###.#..
#.#@#.#.#.. .
#g#.#.#..#### .#
#.#.#.#.#....# #.#
#S#)#.#.#.. #.# ...
#.#.#.#.#.####.##.#
#.#.#.#.#.#........#
.$#S#.#.#.#.#.....###
.#.#.#.#.#.#####''####
#.#.#.#.#.# #......).#


You could see a hobgoblin and a ball python.

Vanquished Creatures
  A bombardier beetle (D:4)
  2 hounds (D:4)
  Crazy Yiuf (D:3)
  Jessica (D:3)
  Ijyb (D:3)
  4 gnolls (D:3)
  4 adders
  A dart slug (D:1)
  6 orcs
  3 bats
  4 endoplasms
  4 giant cockroaches (D:2)
  4 hobgoblins
  3 jackals (D:3)
  A quokka (D:3)
  4 ball pythons
  A frilled lizard (D:2)
  4 goblins
  2 kobolds (D:2)
  A rat (D:2)
52 creatures vanquished.

Notes
Turn   | Place    | Note
-------+----------+-------------------------------------------
     0 | D:1      | LobsterGuardian the Merfolk Alchemist began the quest for
                  | the Orb.
     0 | D:1      | Reached XP level 1. HP: 13/13 MP: 3/3
   266 | D:1      | Reached XP level 2. HP: 19/19 MP: 3/5
   747 | D:1      | Learned a level 2 spell: Mercury Vapours
   846 | D:1      | Found a faded altar of an unknown god.
   850 | D:1      | Prayed at the altar of an unknown god.
   850 | D:1      | Became a worshipper of Cheibriados the Contemplative
   850 | D:1      | Reached * piety under Cheibriados
   998 | D:2      | Reached XP level 3. HP: 23/24 MP: 3/6
  1034 | D:2      | Learned a level 3 spell: Mephitic Cloud
  1038 | D:2      | Reached skill level 1 in Conjurations
  1240 | D:2      | Reached skill level 5 in Alchemy
  1361 | D:2      | Found a shimmering blue altar of Sif Muna.
  1405 | D:2      | Identified the +8 whip "Etwos" {venom, rPois rN+}
  1530 | D:2      | Reached ** piety under Cheibriados
  2072 | D:3      | Noticed Ijyb
  2086 | D:3      | Killed Ijyb
  2087 | D:3      | Reached skill level 1 in Invocations
  2087 | D:3      | Reached XP level 4. HP: 27/30 MP: 4/8
  2370 | D:3      | Found a runed translucent door.
  2370 | D:3      | Noticed dchavez06's ghost (amateur KoAl)
  2832 | D:3      | Noticed Jessica
  2839 | D:3      | Killed Jessica
  2840 | D:3      | Reached XP level 5. HP: 29/35 MP: 9/9
  2890 | D:3      | Found a runed translucent door.
  2891 | D:3      | Noticed Crazy Yiuf
  2912 | D:3      | Learned a level 4 spell: Olgreb's Toxic Radiance
  2985 | D:3      | Reached skill level 6 in Alchemy
  3288 | D:3      | Killed Crazy Yiuf
  3373 | D:4      | Reached XP level 6. HP: 35/41 MP: 11/11
  3499 | D:4      | HP: 2/41 [hobgoblin (1)]
  3500 | D:4      | Gained mutation: You have a pair of small horns on your
                  | head. [potion of mutation]
  3500 | D:4      | Gained mutation: You are partially covered in iridescent
                  | scales. (AC +2) [potion of mutation]
  3500 | D:4      | Incinerated by a bombardier beetle

Illustrated notes

Levels and vault maps discovered:
D:1:      hellmonk_arrival_library, layout_basic,
          shapermc_ecumenical_altar_hornbeckon
D:2:      minmay_evil_eye, layout_loops_ring, basic_altar
D:3:      layout_loops_corners, gammafunk_ghost_grave, uniq_ijyb,
          uniq_crazy_yiuf_cottage, uniq_jessica
D:4:      layout_basic, fedhas_altar_3, kennysheep_generic_room_5

Skill      XL: |  1  2  3  4  5  6 |
---------------+-------------------+-----
Conjurations   | 1 |  1.3
Alchemy        | 5 6 |  6.3
Invocations    | 1 |  1.7
Spellcasting   | 3 4 |  4.0
Fighting       | |  0.1
Polearms       | |  0.3
Dodging        | |  2.8
Stealth        | |  2.8
Air Magic      | |  0.1

Action                     |  1- 3 |  4- 6 || total
---------------------------+-------+-------++-------
  Melee: Unarmed           |     3 |       ||     3
         Spear             |     9 |     9 ||    18
         Punch             |       |     1 ||     1
   Cast: Sting             |    63 |    37 ||   100
         Mercury Vapours   |     3 |    10 ||    13
         Mephitic Cloud    |     1 |       ||     1
         Olgreb's Toxic Ra |       |     2 ||     2
    Use: Scroll            |     2 |       ||     2
         Potion            |       |     1 ||     1
   Stab: Sleeping          |     2 |     1 ||     3
 Armour: Robe              |    12 |    21 ||    33
  Dodge: Dodged            |    17 |    22 ||    39
